Map: Selva profunda EE

Players

Kouyakuza

  • Race: Terran Terran
  • Spawn Location: 1:00

josh

  • Race: Terran Terran
  • Spawn Location: 1:00

Confederados

  • Race: Zerg Zerg
  • Spawn Location: 3:00

MrFercho

  • Race: Terran Terran
  • League: Silver
  • Spawn Location: 7:00

TATORREA

  • Race: Protoss Protoss
  • League: Silver
  • Spawn Location: 7:00

tigro

  • Race: Terran Terran
  • League: Bronze
  • Spawn Location: 7:00

VOD

Have the link to the VOD?

Description

Time

  • Played on: June 1, 2020, 10:08 p.m.
  • Length: 36:11
Show
View Real Time Build Order
Export as new Build Order

Kouyakuza Terran 

Build Orders:  

Get SALT Encoding   

  12  0:03  SCV  
  13  0:15  SCV  
  14  0:33  Supply Depot  
  14  0:35  Supply Depot  
  14  0:40  Supply Depot  
  14  0:43  SCV  
  15  0:55  SCV  
  16  1:06  Barracks  
  16  1:14  Engineering Bay  
  16  1:20  SCV  
  17  1:32  SCV  
  18  1:35  Barracks  
  18  1:49  Barracks  
  18  1:55  SCV  
  18  2:00  Refinery  
  19  2:06  Refinery  
  19  2:07  SCV  
  20  2:13  Marine  
  21  2:19  SCV  
  22  2:30  Barracks  
  22  2:33  Marine x2  
  24  2:49  Marine  
  25  2:51  Marine  
  26  3:17  Planetary Fortress  
  26  3:29  Missile Turret  
  26  3:36  Command Center  
  26  3:40  Barracks Reactor x2  
  26  3:54  SCV  
  27  4:00  Marine  
  27  4:01  Marine  
  29  4:06  SCV  
  30  4:10  Missile Turret  
  30  4:18  SCV  
  30  4:21  Barracks Tech Lab  
  30  4:23  Barracks Reactor  
  31  4:37  Marine x2  
  31  4:38  Marine x2  
  34  4:41  Combat Shield  
  35  4:46  SCV  
  36  4:54  SCV  
  36  4:55  Marine  
  36  4:58  SCV  
  40  5:10  SCV  
  40  5:12  Factory  
  41  5:16  Planetary Fortress  
  40  5:21  Refinery  
  40  5:25  Refinery  
  40  5:59  Marine  
  40  6:00  Marine x5  
  40  6:03  Factory Tech Lab  
  46  6:07  Factory  
  46  6:20  SCV  
  46  6:21  Armory  
  46  6:23  Starport  
  47  6:30  Missile Turret  
  47  6:32  SCV  
  48  6:35  SCV  
  49  6:44  SCV  
  51  6:47  SCV  
  51  6:56  SCV  
  51  6:59  SCV  
  53  7:04  Stimpack  
  53  7:08  SCV  
  54  7:17  Supply Depot  
  54  7:19  Supply Depot  
  54  7:20  Starport Tech Lab  
  54  7:32  Factory Tech Lab  
  54  7:38  Smart Servos  
  54  7:39  SCV, Siege Tank  
  54  7:41  Supply Depot  
  58  7:46  Supply Depot  
  58  7:47  Supply Depot  
  58  7:50  Supply Depot  
  58  7:51  Supply Depot x2, SCV  
  58  7:54  Supply Depot  
  59  8:03  SCV  
  60  8:06  Missile Turret x2  
  60  8:08  Missile Turret  
  60  8:15  SCV  
  60  8:16  Raven  
  63  8:24  Siege Tank  
  63  8:25  Siege Tank  
  69  8:33  Terran Infantry Weapons Level 1  
  69  8:39  SCV  
  70  8:51  SCV  
  71  9:03  SCV  
  71  9:08  Siege Tank x2  
  78  9:15  SCV  
  79  9:22  Marine x2  
  79  9:23  Marine x5  
  86  9:39  Thor  
  86  9:40  Marine x2, SCV  
  95  9:53  SCV  
  95  9:57  Viking  
  98  10:05  SCV  
  99  10:17  SCV  
  100  10:27  Viking  
  100  10:28  Terran Infantry Armor Level 1  
  102  10:33  Command Center  
  102  10:44  Starport  
  102  10:57  Viking  
  104  11:12  Thor x2  
  116  11:27  Viking  
  116  11:28  Marine  
  116  11:29  Marine x5  
  116  11:30  Marine  
  125  11:34  Starport Reactor  
  125  11:46  Planetary Fortress  
  125  11:57  Viking  
  127  12:04  SCV  
  128  12:15  SCV  
  129  12:16  SCV  
  130  12:24  Refinery  
  130  12:25  Refinery  
  130  12:27  SCV  
  130  12:28  SCV  
  132  12:39  SCV  
  132  12:40  SCV  
  131  12:51  SCV  
  131  12:52  SCV  
  133  13:04  SCV  
  134  13:37  Factory  
  134  13:39  Factory  
  134  13:40  Raven  
  136  13:47  Medivac x2  
  140  14:21  Marine  
  141  14:26  Factory Tech Lab  
  141  14:28  Factory Tech Lab  
  141  14:32  Supply Depot  
  141  14:34  Supply Depot  
  141  14:39  Marine x2  
  141  14:40  Raven  
  141  14:42  Marine x2  
  141  14:51  Marine  
  141  14:54  Medivac x2, Marine x2  
  141  14:56  Supply Depot  
  141  14:57  Supply Depot, Marine x2  
  145  15:00  Marine  
  144  15:09  Marine  
  144  15:14  Thor x2  
  142  15:17  Thor  
  142  15:19  Supply Depot, Thor  
  166  15:21  Supply Depot  
  166  15:24  Medivac  
  108  15:44  Supply Depot  
  108  15:45  Supply Depot  
  107  15:55  SCV  
  107  15:56  Thor  
  107  15:57  Thor  
  105  16:00  Thor  
  105  16:01  Thor  
  129  16:05  Missile Turret  
  129  16:06  Missile Turret  
  129  16:07  Missile Turret, SCV  
  129  16:08  Missile Turret  
  129  16:09  Marine x3  
  129  16:10  Marine x4, Missile Turret  
  129  16:11  Missile Turret  
  137  16:16  Terran Infantry Weapons Level 2  
  137  16:19  SCV  
  138  16:27  Marine x5, Missile Turret  
  138  16:28  Marine x2  
  119  16:44  Marine  
  119  16:45  Marine x4  
  119  16:46  Marine x2  
  126  17:02  Marine x2  
  126  17:03  Marine x3  
  126  17:05  Command Center  
  114  18:01  Command Center  
  114  18:04  Thor  
  114  18:05  Thor  
  126  18:31  Missile Turret  
  126  18:32  Terran Infantry Armor Level 2  
  126  18:37  Planetary Fortress  
  126  18:41  Refinery  
  126  18:47  Thor x2  
  138  18:51  Missile Turret  
  138  18:55  Refinery  
  138  19:13  Raven, Missile Turret  
  140  19:17  Medivac x2  
  144  19:30  Thor  
  150  19:34  SCV  
  151  19:46  SCV  
  151  19:47  Medivac  
  154  19:56  Raven  
  154  19:59  SCV  
  157  20:09  Siege Tank x2  
  163  20:23  Refinery  
  163  20:41  Siege Tank  
  163  20:42  Siege Tank  
  109  21:28  Planetary Fortress  
  108  21:41  Marine x4  
  108  21:42  Marine x3  
  115  21:47  SCV  
  116  21:59  Marine x5  
  116  22:00  Marine x2, SCV  
  124  22:12  Thor x2, SCV  
  124  22:15  Thor x2  
  149  22:16  Marine  
  149  22:17  Marine x3  
  149  22:18  Marine  
  149  22:19  Marine x2  
  156  22:24  SCV  
  157  22:34  Marine x3  
  157  22:35  Marine  
  157  22:36  Marine x2, SCV  
  157  22:37  Marine  
  165  22:52  Marine x2  
  165  23:37  Command Center  
  165  24:10  SCV  
  166  24:20  Armory  
  166  24:22  SCV  
  167  24:34  SCV  
  168  24:46  SCV  
  169  24:58  SCV  
  160  25:51  Marine x5  
  160  25:52  Marine x2  
  167  26:03  Thor x2  
  179  26:06  Thor  
  179  26:09  Marine x3  
  188  26:41  Marine x6  
  188  26:42  Thor, Marine  
  188  26:45  Thor x2  
  184  26:56  Thor  
  188  27:06  Marine x2  
  188  28:19  Thor  
  183  28:34  Marine  
  183  28:35  Marine x5  
  183  28:36  Marine  
  185  28:52  Marine x2  
  185  28:53  Marine  
  188  28:56  Supply Depot  
  188  28:58  Supply Depot x2  
  188  28:59  Marine x3  
  188  29:00  Marine  
  187  29:10  Marine  
  187  29:15  Marine  
  188  29:17  Marine x4  
  188  29:18  Marine  
  188  29:19  Supply Depot, Thor  
  188  29:21  Supply Depot  
  197  29:25  Supply Depot  
  197  29:28  Marine  
  198  29:32  Marine  
  198  29:35  Marine  
  200  30:02  Thor  
  196  30:27  Thor  
  195  32:10  Thor  
  167  33:46  Thor x2  
  179  33:50  Thor x2  
  191  33:56  Marine x2  
  191  33:57  Marine x5  
  197  34:14  Marine x3  
  193  34:33  Thor  
  174  35:15  Thor  
  195  35:54  Command Center  
Show
View Real Time Build Order
Export as new Build Order

josh Terran 

Build Orders:  

Get SALT Encoding   

  12  0:04  SCV  
  13  0:16  SCV  
  14  0:28  SCV  
  14  0:29  Supply Depot  
  15  0:51  SCV  
  15  0:54  Refinery  
  16  1:03  SCV  
  17  1:15  SCV  
  17  1:18  Engineering Bay  
  18  1:25  Barracks  
  18  1:27  SCV  
  19  1:36  Refinery  
  19  1:39  SCV  
  20  1:53  Barracks  
  20  2:13  Orbital Command  
  20  2:15  Barracks Reactor  
  20  2:22  Bunker  
  20  2:33  Supply Depot  
  20  2:47  Barracks Tech Lab  
  20  2:52  Factory  
  20  2:54  SCV  
  20  2:55  Supply Depot  
  21  3:06  Marine x2, SCV  
  24  3:17  Supply Depot  
  24  3:18  SCV  
  25  3:29  Marauder  
  25  3:30  SCV  
  28  3:38  Ghost Academy  
  28  3:43  SCV  
  29  3:51  Marauder  
  29  3:55  SCV  
  32  4:05  Factory Tech Lab  
  32  4:12  Marauder  
  32  4:14  Nuke  
  34  4:29  SCV  
  35  4:41  SCV  
  36  4:46  Command Center  
  36  4:54  SCV  
  37  5:00  Ghost  
  37  5:04  Personal Cloaking  
  37  5:06  SCV  
  40  5:10  Siege Tank  
  43  5:16  Missile Turret  
  43  5:18  SCV  
  43  5:19  Supply Depot  
  44  6:11  SCV  
  45  6:23  SCV  
  46  6:32  Starport  
  46  6:35  SCV  
  47  6:47  SCV  
  48  6:59  SCV  
  47  8:00  Nuke  
  47  8:05  Ghost  
  49  8:15  Starport Tech Lab  
  49  8:21  SCV  
  50  8:27  Siege Tank  
  50  8:33  SCV  
  50  8:34  Ghost  
  56  8:45  SCV  
  56  8:57  SCV  
  56  8:58  Missile Turret  
  56  8:59  Siege Tank  
  60  9:09  SCV  
  61  9:31  Siege Tank  
  64  10:04  Siege Tank  
  67  10:36  Siege Tank  
  70  11:22  Orbital Command  
  70  11:32  Starport  
  70  11:40  Missile Turret  
  70  11:45  Missile Turret  
  70  11:48  Missile Turret  
  70  11:55  Missile Turret  
  70  12:12  Missile Turret  
  69  12:30  Viking  
  62  12:59  Orbital Command  
  62  13:00  Viking  
  64  13:27  SCV  
  64  13:30  Viking  
  64  13:31  Starport Tech Lab  
  67  13:39  SCV  
  68  13:43  Missile Turret  
  68  13:51  SCV  
  68  13:52  Nuke  
  69  14:03  Missile Turret  
  69  14:04  Starport  
  69  14:07  Fusion Core  
  69  14:15  Armory  
  69  14:24  Missile Turret  
  65  15:49  Starport Tech Lab  
  63  16:28  Nuke  
  63  17:01  Command Center  
  63  17:49  Refinery  
  63  17:53  Refinery  
  63  18:13  Viking, Marauder  
  67  18:34  Marauder  
  69  19:43  Command Center  
  69  19:46  Nuke  
  69  20:11  Barracks  
  69  20:55  Viking, Marauder, Battlecruiser  
  79  21:16  Marauder  
  81  21:24  Viking  
  83  21:38  Marauder  
  85  21:44  Nuke  
  85  21:57  Refinery  
  85  22:11  Battlecruiser, SCV  
  85  22:12  Viking  
  94  22:23  SCV  
  95  22:35  SCV  
  96  22:47  SCV  
  97  22:59  SCV  
  96  23:33  Battlecruiser  
  100  23:47  Barracks Reactor  
  100  23:55  Starport  
  100  24:07  Refinery  
  100  24:08  SCV  
  101  24:25  Nuke  
  101  25:11  Missile Turret  
  101  25:22  SCV  
  101  25:24  Battlecruiser  
  101  25:26  Battlecruiser  
  95  25:32  Missile Turret  
  95  25:34  SCV  
  92  25:46  SCV  
  93  25:58  SCV  
  76  26:22  Marine x2  
  78  26:26  Viking  
  78  26:30  Battlecruiser  
  86  26:33  Armory  
  86  26:40  Marine x2  
  86  26:43  Missile Turret  
  88  26:56  Viking  
  88  26:58  Marine x2  
  92  27:16  Marine x2  
  92  27:17  Missile Turret  
  94  27:26  Viking  
  96  27:56  Viking  
  98  28:00  Battlecruiser  
  95  28:26  Viking  
  94  29:05  Battlecruiser  
  76  29:55  Ghost  
  78  30:09  Battlecruiser  
  84  30:24  Ghost  
  82  30:53  Ghost  
  78  31:21  Ghost  
  80  31:50  Ghost  
  80  32:07  Viking  
  82  32:10  Viking  
  82  32:13  Marine  
  82  32:14  Marine  
  86  32:18  Marine  
  86  32:21  Nuke  
  87  32:31  Marine x2  
  87  32:36  Marine  
  90  32:37  Viking  
  90  32:40  Viking  
  94  32:49  Marine x2  
  96  32:54  Marine  
  97  32:58  Starport Tech Lab  
  97  33:07  Viking, Marine x2  
  101  35:02  Nuke  
Show
View Real Time Build Order
Export as new Build Order

Confederados Zerg 

Build Orders: Pool First, Brood Lord Corruptor 

Get SALT Encoding   

  12  0:03  Drone  
  13  0:26  Spawning Pool  
  12  0:34  Overlord  
  12  0:38  Drone  
  13  0:48  Extractor  
  12  0:50  Extractor  
  12  0:51  Drone x2  
  13  1:05  Drone  
  13  1:09  Drone  
  15  1:18  Zergling x2  
  16  1:33  Drone  
  17  2:00  Overlord  
  17  2:01  Zergling x2  
  17  2:05  Queen  
  20  2:22  Drone x2  
  22  2:25  Hatchery  
  22  2:28  Drone  
  22  2:37  Zergling x2  
  23  2:54  Burrow  
  23  2:55  Drone x2  
  25  3:09  Drone  
  26  3:18  Drone  
  27  3:29  Overlord  
  27  3:40  Drone x3  
  30  3:58  Zergling x4  
  32  4:03  Queen  
  32  4:04  Drone x3  
  32  4:08  Lair  
  37  4:21  Extractor  
  37  4:23  Extractor  
  35  4:26  Drone  
  35  4:30  Drone x3  
  39  4:48  Overlord  
  39  5:09  Drone x3  
  39  5:13  Zergling x4  
  44  5:18  Overlord  
  44  5:36  Overlord  
  40  6:10  Drone x3  
  43  6:19  Drone x3  
  46  6:33  Drone x2  
  46  6:36  Queen  
  50  6:45  Infestation Pit  
  49  6:47  Spire  
  49  6:50  Spire  
  49  6:51  Drone x2  
  49  6:55  Drone x2  
  51  7:13  Nydus Network  
  50  7:20  Drone x2  
  52  7:28  Overseer  
  52  7:34  Pneumatized Carapace  
  52  7:37  Hive  
  52  7:51  Overlord x2  
  52  8:00  Drone  
  52  8:03  Corruptor x3  
  59  8:10  Corruptor x2  
  63  8:15  Corruptor  
  63  8:16  Corruptor x4  
  73  8:24  Zerg Flyer Armor Level 1  
  73  8:41  Corruptor  
  73  8:43  Overlord  
  73  8:44  Overlord  
  75  8:56  Greater Spire  
  75  9:11  Overseer  
  75  9:20  Corruptor x3  
  81  9:51  Corruptor x2  
  85  9:57  Corruptor x3  
  85  9:59  Hatchery  
  90  10:08  Overlord x4  
  90  10:24  Corruptor  
  92  10:54  Drone x3  
  95  10:58  Drone x3  
  95  11:01  Brood Lord x5  
  95  11:02  Brood Lord x2  
  112  11:35  Extractor  
  112  11:38  Extractor  
  112  11:39  Queen  
  112  11:41  Drone x3  
  115  12:06  Corruptor x3  
  121  12:11  Corruptor  
  121  12:12  Corruptor x2  
  127  13:21  Zerg Flyer Armor Level 2, Zerg Flyer Weapons Level 1  
  127  13:24  Corruptor  
  127  13:25  Overlord  
  127  13:26  Overlord  
  129  13:43  Overlord x3  
  129  14:08  Brood Lord x2  
  129  14:09  Corruptor  
  133  14:10  Corruptor x2  
  133  14:16  Corruptor x2  
  143  14:49  Corruptor  
  143  14:50  Corruptor x2  
  149  14:53  Corruptor x3  
  149  14:54  Corruptor x3  
  161  15:24  Corruptor x2  
  161  15:25  Corruptor  
  167  15:28  Corruptor  
  167  15:31  Overlord x2  
  169  15:53  Zerg Flyer Armor Level 3  
  169  15:54  Zerg Flyer Weapons Level 2  
  159  17:00  Corruptor  
  159  17:01  Corruptor x2  
  161  17:06  Corruptor  
  161  17:07  Corruptor x2  
  171  17:12  Corruptor x2  
  171  17:13  Corruptor  
  154  18:30  Brood Lord x4  
  154  18:31  Brood Lord x3  
  154  18:32  Brood Lord  
  170  18:36  Brood Lord x2  
  166  18:54  Zerg Flyer Weapons Level 3  
  166  19:17  Corruptor  
  166  19:18  Corruptor  
  171  19:31  Drone x4  
  171  19:36  Drone x3  
  177  19:41  Queen  
  179  21:45  Corruptor x3  
  179  21:47  Hatchery  
  184  21:48  Overlord x3  
  184  22:41  Extractor  
  183  22:45  Extractor  
  166  23:53  Corruptor x3  
  172  23:56  Corruptor  
  172  23:57  Corruptor x5  
  158  27:24  Corruptor  
  158  27:25  Corruptor x5  
  158  27:29  Corruptor x3  
  174  27:34  Corruptor x5  
  160  28:40  Brood Lord  
  160  28:41  Brood Lord x3  
  168  28:44  Brood Lord x3  
  174  28:53  Brood Lord x2  
  114  30:52  Corruptor x2  
  114  30:53  Corruptor  
  114  30:56  Corruptor x3  
  126  30:59  Corruptor x2  
  130  31:58  Hatchery  
  122  32:12  Brood Lord x2  
  122  32:25  Hatchery  
  121  32:53  Hatchery  
  121  32:56  Brood Lord x2  
  124  33:25  Brood Lord  
  118  34:23  Extractor  
  117  34:26  Extractor  
  116  35:44  Drone x3  
Show
View Real Time Build Order
Export as new Build Order

MrFercho Terran 

Build Orders: Command Center First (CC) 

Get SALT Encoding   

  12  0:01  SCV  
  13  0:13  SCV  
  14  0:25  SCV  
  15  0:54  Command Center  
  15  0:59  Supply Depot  
  15  1:08  Refinery  
  15  1:21  SCV  
  16  1:32  Barracks  
  16  1:36  SCV  
  17  1:48  SCV  
  18  2:01  SCV  
  19  2:12  SCV  
  19  2:13  SCV  
  19  2:14  Engineering Bay  
  21  2:22  Refinery  
  21  2:26  Factory  
  21  2:36  Orbital Command x2  
  21  3:06  Barracks Reactor, Supply Depot  
  21  3:17  Starport  
  21  3:26  SCV x2  
  23  3:28  Supply Depot  
  23  3:36  Factory Reactor  
  23  3:38  SCV x2  
  25  3:45  Marine x2  
  27  3:50  SCV x2  
  29  4:02  SCV  
  30  4:03  Marine  
  31  4:12  Starport  
  31  4:18  Starport  
  31  4:26  Factory  
  31  4:38  Armory  
  31  4:43  Marine x2  
  33  5:00  Marine  
  33  5:01  Marine  
  35  5:08  Orbital Command  
  35  5:15  Starport  
  35  5:20  Missile Turret  
  35  5:30  Command Center, Factory Tech Lab  
  35  5:33  Widow Mine x2  
  39  5:41  Missile Turret  
  39  5:45  SCV  
  39  5:46  SCV  
  41  5:55  Widow Mine  
  43  5:57  SCV  
  43  5:58  SCV  
  45  6:06  Missile Turret  
  45  6:09  SCV  
  45  6:10  SCV  
  47  6:14  Drilling Claws  
  47  6:17  Terran Vehicle And Ship Armor Level 1  
  47  6:24  Starport Reactor  
  47  6:25  Starport Reactor x3  
  47  6:35  Armory  
  47  6:37  SCV x2  
  49  6:48  Supply Depot  
  49  6:49  SCV x2  
  49  6:50  Supply Depot  
  49  6:51  Supply Depot x2  
  51  7:01  SCV  
  51  7:02  SCV  
  53  7:13  SCV  
  53  7:15  Viking x3  
  60  7:22  Refinery  
  60  7:25  Refinery  
  60  7:29  SCV  
  61  7:30  SCV  
  61  7:36  Orbital Command  
  62  7:41  SCV  
  62  7:42  SCV  
  64  7:54  SCV x2  
  66  8:06  SCV x2  
  68  8:18  SCV x2  
  70  8:20  Terran Ship Weapons Level 1  
  70  8:21  Terran Vehicle And Ship Armor Level 2  
  70  8:31  Fusion Core  
  70  8:35  Widow Mine  
  70  8:36  Widow Mine x2  
  76  8:56  Widow Mine  
  76  8:57  Widow Mine  
  80  9:45  Orbital Command  
  80  10:23  SCV x3  
  83  10:35  SCV x3  
  76  10:47  SCV  
  76  10:48  SCV x2  
  79  10:59  SCV  
  79  11:00  SCV x2  
  82  11:11  SCV  
  82  11:12  SCV x2  
  85  11:19  Missile Turret  
  85  11:21  Missile Turret  
  85  11:26  Refinery  
  85  11:28  Refinery  
  85  11:40  Missile Turret  
  85  11:42  Missile Turret  
  85  11:54  Widow Mine x3  
  87  11:59  Viking x5  
  101  12:02  Missile Turret  
  101  12:07  Viking x3  
  107  12:15  Widow Mine  
  109  12:16  Widow Mine x2  
  113  12:23  Missile Turret  
  113  12:29  Viking x5  
  123  12:36  Widow Mine  
  125  12:59  Supply Depot  
  125  13:01  Supply Depot  
  125  13:05  Supply Depot  
  125  13:08  Viking x3  
  125  13:09  Widow Mine  
  125  13:10  Supply Depot  
  133  13:14  Supply Depot x2  
  133  13:15  Terran Ship Weapons Level 2  
  133  13:16  Terran Vehicle And Ship Armor Level 3  
  133  13:19  Advanced Ballistics  
  133  13:21  Viking x4  
  133  13:23  Viking, Widow Mine x2  
  147  13:30  Widow Mine  
  149  13:44  Widow Mine  
  151  13:51  Viking, Widow Mine  
  151  13:54  Sensor Tower  
  155  14:28  Sensor Tower  
  155  14:56  Sensor Tower  
  131  15:20  Sensor Tower  
  121  16:10  Widow Mine  
  121  16:11  Widow Mine x2  
  125  16:32  Widow Mine x3  
  109  16:53  Widow Mine x2  
  109  16:54  Widow Mine  
  99  16:57  Viking x8  
  111  17:14  Widow Mine  
  111  17:15  Widow Mine x2  
  117  17:27  Viking x8  
  133  17:36  Widow Mine  
  135  17:57  Viking x8  
  145  18:26  Viking  
  147  18:27  Viking x6  
  149  18:51  Refinery x2  
  126  21:02  SCV  
  120  21:14  SCV  
  109  21:27  SCV  
  110  21:36  Viking x3  
  110  21:37  Viking x5  
  126  22:06  Viking x5  
  126  22:07  Viking x3  
  142  22:36  Viking x4  
  150  22:43  Command Center  
  150  22:44  Refinery  
  150  22:45  Command Center  
  150  22:47  Refinery  
  150  22:50  Refinery  
  150  22:51  Refinery  
  150  22:55  Command Center  
  150  22:57  Refinery  
  150  22:58  Refinery  
  86  24:41  Orbital Command  
  84  25:10  Orbital Command  
  84  25:12  Orbital Command  
  84  25:17  Terran Ship Weapons Level 3  
  84  25:33  Widow Mine x3  
  90  25:54  Widow Mine x2  
  90  25:55  Widow Mine  
  96  26:15  Widow Mine  
  96  26:16  Widow Mine x2  
  102  26:37  Widow Mine x3  
  105  26:47  Viking x8  
  121  26:59  Widow Mine  
  83  27:16  Viking  
  83  27:17  Viking x2  
  79  27:59  Viking  
  79  28:00  Viking x4  
  79  28:01  Viking  
  69  28:45  Viking x8  
  73  29:14  Viking  
  73  29:15  Viking x6  
  57  29:57  Orbital Command  
  47  30:16  Viking  
  47  30:17  Viking x7  
  63  30:46  Viking  
  63  30:47  Viking  
  65  31:25  Viking x8  
  64  31:55  Viking x3  
  22  33:48  Viking  
  22  33:49  Viking x7  
  38  34:19  Viking x6  
  52  34:49  Viking x2  
Show
View Real Time Build Order
Export as new Build Order

TATORREA Protoss 

Build Orders: Carriers 

Get SALT Encoding   

  12  0:01  Probe  
  13  0:30  Pylon  
  13  0:32  Probe  
  14  0:44  Probe  
  15  0:56  Probe  
  16  1:03  Gateway  
  16  1:06  Gateway  
  16  1:08  Probe  
  17  1:20  Assimilator  
  17  1:21  Probe  
  18  1:33  Probe  
  19  1:46  Pylon, Probe  
  20  2:11  Nexus  
  20  2:14  Cybernetics Core  
  20  2:15  Probe  
  21  2:19  Assimilator  
  21  2:23  Pylon  
  21  2:25  Zealot  
  21  2:28  Zealot  
  25  2:32  Probe  
  26  2:47  Probe  
  27  2:52  Warp Gate  
  27  2:57  Stalker x2  
  31  3:01  Probe  
  32  3:12  Twilight Council  
  32  3:13  Probe  
  33  3:23  Probe  
  33  3:26  Probe  
  35  3:35  Probe  
  35  3:38  Forge  
  36  3:44  Robotics Facility, Probe  
  37  3:49  Charge  
  37  4:00  Probe x2  
  39  4:12  Probe  
  39  4:13  Probe  
  41  4:24  Probe  
  41  4:25  Probe  
  43  4:37  Probe x2  
  43  4:38  Protoss Ground Weapons Level 1  
  45  4:40  Warp Prism  
  47  4:52  Stargate  
  47  4:55  Stargate  
  47  4:58  Pylon  
  47  5:00  Pylon  
  47  5:07  Probe x2  
  48  5:11  Pylon  
  49  5:18  Pylon  
  49  5:19  Probe x2  
  51  5:22  Assimilator  
  51  5:24  Assimilator  
  51  5:31  Probe x2  
  53  5:43  Probe  
  46  6:06  Stalker x2  
  46  6:10  Void Ray  
  46  6:11  Void Ray  
  54  6:17  Immortal  
  62  6:33  Blink  
  62  6:52  Protoss Ground Weapons Level 2  
  62  6:54  Gateway  
  62  6:55  Gateway  
  62  6:57  Gateway, Observer  
  62  7:00  Gateway  
  63  7:02  Gateway  
  63  7:03  Gateway  
  63  7:07  Gateway  
  63  7:10  Gateway  
  63  7:11  Stalker x2  
  67  7:17  Void Ray  
  71  7:24  Void Ray  
  75  7:39  Probe x2  
  77  8:04  Observer  
  78  8:29  Observer  
  79  8:44  Nexus  
  79  8:47  Void Ray  
  83  8:58  Pylon  
  83  9:03  Pylon  
  83  9:06  Pylon  
  83  9:13  Pylon  
  83  9:16  Void Ray, Pylon  
  88  9:17  Observer  
  88  9:19  Pylon  
  88  9:22  Pylon  
  88  9:43  Immortal  
  92  9:50  Fleet Beacon  
  92  9:52  Robotics Bay  
  92  9:53  Void Ray  
  92  9:55  Protoss Ground Weapons Level 3  
  92  9:59  Void Ray  
  100  10:03  Zealot x3  
  100  10:04  Zealot  
  108  10:13  Protoss Air Weapons Level 1  
  108  11:48  Probe x3  
  108  11:53  Assimilator  
  111  11:57  Assimilator  
  111  12:05  Zealot x4  
  111  12:06  Zealot x3  
  111  12:07  Zealot x3  
  131  12:40  Stalker x2  
  131  12:41  Stalker x3  
  131  12:42  Stalker x2  
  131  12:43  Stalker  
  123  13:12  Probe x2  
  125  13:14  Probe  
  126  13:29  Carrier x2  
  126  13:32  Colossus  
  144  13:34  Extended Thermal Lance  
  144  13:37  Unknown  
  144  14:03  Nexus  
  144  14:05  Zealot  
  144  14:06  Zealot  
  148  14:29  Pylon  
  148  14:31  Pylon  
  148  14:34  Pylon, Anion Pulse-Crystals  
  148  14:38  Protoss Ground Armor Level 1, Pylon  
  148  14:41  Pylon  
  148  14:45  Pylon  
  148  14:47  Carrier  
  148  14:49  Carrier  
  148  14:51  Colossus  
  166  14:54  Protoss Air Weapons Level 2  
  132  16:07  Carrier x2  
  144  16:37  Protoss Shields Level 1  
  144  16:43  Assimilator x2  
  144  17:11  Tempest x2  
  150  17:21  Protoss Air Armor Level 1 (Chrono Boost)  
  76  17:47  Stalker x4  
  76  17:48  Stalker x4  
  76  17:49  Stalker x2  
  96  17:54  Phoenix x2  
  100  18:07  Colossus  
  106  18:19  Phoenix x2  
  110  18:35  Protoss Ground Armor Level 2  
  110  18:44  Phoenix x2  
  114  18:50  Nexus  
  114  18:56  Photon Cannon  
  114  19:00  Photon Cannon  
  114  19:01  Photon Cannon  
  114  19:07  Phoenix  
  114  19:08  Colossus, Phoenix  
  118  19:24  Phoenix x2  
  124  19:27  Protoss Air Weapons Level 3 (Chrono Boost)  
  128  19:41  Photon Cannon  
  128  19:45  Photon Cannon  
  128  19:49  Photon Cannon, Phoenix x2  
  128  19:52  Photon Cannon  
  132  19:54  Photon Cannon  
  132  20:10  Photon Cannon  
  132  20:16  Phoenix x2  
  88  21:09  Protoss Shields Level 2  
  76  21:46  Probe x2  
  76  21:47  Probe  
  79  21:57  Tempest x2  
  79  21:58  Probe x2  
  79  21:59  Colossus, Probe  
  98  22:04  Zealot x2  
  98  22:05  Zealot x4  
  98  22:06  Zealot x3  
  98  22:07  Zealot  
  118  22:10  Probe  
  118  22:11  Probe x2  
  118  22:14  Protoss Air Armor Level 2  
  121  22:23  Probe  
  122  22:31  Assimilator  
  122  22:46  Tempest, Carrier  
  133  23:29  Carrier  
  139  23:42  Protoss Ground Armor Level 3  
  139  23:50  Tempest  
  139  23:53  Assimilator  
  144  23:58  Assimilator  
  144  24:33  Tempest, Carrier  
  155  24:39  Nexus  
  155  24:53  Zealot  
  155  24:54  Zealot x4  
  155  24:55  Zealot x4  
  155  24:56  Zealot  
  175  25:00  Protoss Air Armor Level 3  
  175  25:17  Carrier  
  181  25:37  Tempest  
  184  26:20  Carrier (Chrono Boost), Zealot  
  184  26:21  Carrier (Chrono Boost), Zealot  
  179  26:41  Protoss Shields Level 3  
  62  27:08  Colossus  
  62  27:19  Carrier (Chrono Boost)  
  62  27:21  Tempest (Chrono Boost)  
  62  27:22  Zealot x4  
  87  27:23  Zealot x3  
  87  27:24  Zealot x3  
  99  27:46  Zealot x3  
  99  27:47  Zealot x4  
  99  27:48  Zealot x3  
  99  27:50  Tempest (Chrono Boost)  
  110  28:01  Colossus  
  84  28:10  Carrier (Chrono Boost)  
  79  28:15  Zealot  
  79  28:16  Zealot x2  
  79  28:17  Zealot x4  
  79  28:18  Zealot x2  
  91  28:29  Tempest (Chrono Boost)  
  67  28:56  Zealot x2  
  67  28:57  Zealot x2  
  69  29:10  Phoenix (Chrono Boost)  
  69  29:11  Carrier (Chrono Boost)  
  69  29:27  Phoenix  
  58  29:52  Phoenix  
  54  30:07  Phoenix  
  56  30:17  Phoenix  
  58  30:32  Phoenix  
  54  30:42  Phoenix (Chrono Boost)  
  52  30:57  Phoenix (Chrono Boost)  
  54  31:04  Phoenix (Chrono Boost)  
  56  31:13  Phoenix (Chrono Boost)  
  58  31:22  Phoenix  
  60  31:37  Phoenix  
  40  32:10  Pylon  
  40  32:11  Pylon  
  40  32:12  Pylon  
  40  32:16  Pylon  
  40  32:17  Pylon  
  40  32:18  Pylon  
  40  32:19  Pylon x2  
  40  32:20  Pylon  
  40  32:22  Void Ray x2, Pylon  
  43  32:26  Pylon  
  31  32:37  Gateway  
  31  32:39  Gateway  
  31  32:41  Gateway  
  31  32:43  Gateway  
  31  32:46  Gateway  
  31  32:51  Gateway  
  31  32:54  Gateway  
  13  34:42  Probe  
  10  35:18  Probe  
  11  35:30  Probe  
  12  35:46  Probe  
Show
View Real Time Build Order
Export as new Build Order

tigro Terran 

Build Orders:  

Get SALT Encoding   

  12  0:02  SCV  
  13  0:15  SCV  
  14  0:23  Supply Depot  
  14  0:27  SCV  
  15  0:36  Refinery  
  15  0:45  SCV  
  16  0:57  Barracks  
  17  1:04  SCV  
  17  1:11  Refinery  
  17  1:16  SCV  
  18  1:28  SCV  
  19  1:39  Supply Depot  
  19  1:40  SCV  
  19  1:46  Marine  
  21  1:52  SCV  
  22  2:04  Marine, SCV  
  22  2:08  Barracks  
  24  2:18  Engineering Bay  
  24  2:22  Marine  
  25  2:37  SCV  
  25  2:40  Marine  
  27  2:49  SCV  
  28  2:57  Barracks Tech Lab, Marine  
  29  3:01  Factory  
  29  3:10  Orbital Command  
  29  3:12  Terran Infantry Weapons Level 1  
  29  3:16  Barracks Tech Lab  
  29  3:22  Stimpack  
  29  3:26  Marine  
  30  3:35  Combat Shield  
  30  3:43  Marine  
  31  3:51  Marine, Factory Tech Lab  
  32  3:59  Starport  
  32  4:10  Armory  
  32  4:20  Siege Tank  
  35  4:39  Medivac  
  37  5:01  Concussive Shells  
  37  5:07  Terran Infantry Armor Level 1  
  37  5:25  Fusion Core  
  37  5:30  Command Center  
  37  5:39  Starport Tech Lab  
  37  5:52  Siege Tank  
  40  6:24  Marine x2  
  42  6:38  Refinery  
  42  6:39  Weapon Refit  
  42  6:42  Marine x2  
  44  6:59  Marine  
  44  7:00  Marine  
  44  7:01  Hi-Sec Auto Tracking  
  46  7:06  Refinery  
  46  7:07  Missile Turret  
  46  7:14  Planetary Fortress  
  46  7:17  Marine x2  
  48  7:35  Marine x2  
  50  7:40  Missile Turret  
  50  7:58  Neosteel Armor  
  50  8:07  SCV  
  50  8:10  Missile Turret  
  51  8:19  Rapid Reignition System, SCV  
  52  8:30  Missile Turret  
  52  8:31  SCV  
  53  8:43  SCV  
  54  8:54  Raven  
  56  8:56  SCV  
  56  8:57  Missile Turret  
  57  9:14  SCV  
  58  9:26  SCV  
  59  9:37  Terran Infantry Weapons Level 2  
  59  9:38  SCV  
  60  9:50  SCV  
  61  9:57  Missile Turret  
  61  10:02  SCV  
  62  10:14  Supply Depot, Terran Vehicle And Ship Armor Level 1  
  62  10:17  Missile Turret  
  62  10:36  Battlecruiser  
  62  10:37  Supply Depot  
  68  11:25  Missile Turret  
  68  11:40  Battlecruiser  
  68  11:46  Missile Turret  
  74  11:53  Terran Infantry Armor Level 2  
  74  11:57  Advanced Ballistics  
  74  11:59  Cloaking Field  
  74  12:08  Terran Vehicle Weapons Level 1  
  74  12:09  Missile Turret  
  74  12:19  Missile Turret  
  74  12:29  Siege Tank  
  77  12:44  Medivac  
  77  12:46  Command Center  
  77  12:49  Marine x2  
  81  12:54  Missile Turret  
  81  13:07  Marine x2  
  83  13:19  Hyperflight Rotors  
  83  13:22  Battlecruiser  
  83  13:25  Marine x2  
  91  13:43  Marine x2  
  91  13:45  Refinery  
  93  14:01  Marine x2  
  95  14:03  Terran Ship Weapons Level 1  
  95  14:09  Terran Infantry Weapons Level 3  
  95  14:19  Planetary Fortress  
  95  14:26  Battlecruiser, Refinery  
  91  15:19  Corvid Reactor  
  74  15:30  Battlecruiser  
  63  15:37  Marine x2  
  59  15:51  Thor  
  59  15:55  Marine x2  
  67  16:13  Marine x2  
  69  16:30  Marine  
  69  16:31  Marine  
  71  16:34  Thor  
  71  16:35  Battlecruiser  
  83  16:48  Marine x2  
  85  17:06  Marine x2  
  87  17:17  Thor  
  93  17:24  Marine x2  
  75  17:39  Medivac  
  75  17:42  Marine x2  
  73  18:00  Widow Mine  
  75  18:07  Marine x2  
  75  18:09  Battlecruiser  
  83  18:21  Widow Mine  
  83  18:25  Marine x2  
  87  18:43  Marine x2  
  89  19:00  Marine  
  89  19:01  Marine  
  91  19:13  Battlecruiser  
  97  19:18  Marine x2  
  99  19:28  Siege Tank  
  102  19:48  Drilling Claws  
  102  20:00  Thor  
  108  21:06  Smart Servos  
  108  21:09  Thor  
  108  21:11  Raven  
  98  21:52  Thor  
  104  22:24  Supply Depot  
  104  22:25  Mag-Field Accelerator  
  104  22:46  Battlecruiser  
  104  22:48  Supply Depot  
  110  23:45  Command Center  
  110  23:50  Battlecruiser  
  116  24:05  Infernal Pre-Igniter  
  116  24:39  Missile Turret  
  116  24:41  Marine x2  
  118  24:50  Refinery  
  118  24:54  Battlecruiser  
  118  24:55  Refinery  
  118  24:58  Marine  
  118  24:59  Marine  
  126  25:00  Missile Turret  
  124  25:16  Marine x2  
  126  25:24  Missile Turret  
  111  25:34  Marine x2  
  51  25:52  Marine x2  
  53  25:59  Battlecruiser  
  46  26:37  Marine x2  
  47  26:41  Thor  
  53  26:55  Marine x2  
  53  27:03  Battlecruiser  
  59  27:13  Marine x2  
  61  27:20  Starport  
  61  27:24  Thor  
  67  27:31  Marine x2  
  69  27:48  Marine  
  69  27:49  Marine  
  53  28:06  Thor, Marine x2  
  53  28:07  Raven  
  59  28:24  Marine x2  
  45  28:42  Marine x2  
  47  28:50  Battlecruiser  
  38  29:39  Marine  
  38  29:45  Starport Tech Lab  
  36  29:54  Battlecruiser  
  36  29:57  Marine  
  11  30:58  Medivac  
  11  31:28  Battlecruiser  
  11  32:59  Command Center  
Tags
 
Add a new tag
Caveats
  • Supply blocks, unpowered buildings, or Contaminate may cause inaccurate times.
  • Supply counts are checked every 10 seconds.